 Dungeon Crawl Stone Soup version 0.20.2 (webtiles) character file.

3577 Alfie the Archer (level 9, 0/82 HPs)
             Began as a Minotaur Hunter on Mar 26, 2020.
             Slain by a hippogriff (3 damage)
             ... on level 9 of the Dungeon.
             The game lasted 00:28:34 (6664 turns).

Alfie the Archer (Minotaur Hunter)                  Turns: 6664, Time: 00:28:35

Health: 0/82       AC:  5    Str: 26    XL:     9   Next: 84%
Magic:  8/8        EV: 13    Int: 13    God:
Gold:   423        SH:  4    Dex: 10    Spells: 8/8 levels left

rFire    . . .     SeeInvis .   b - +1 short sword
rCold    . . .     Gourm    .   (no shield)
rNeg     . . .     Faith    .   c - +2 leather armour
rPois    .         Spirit   .   (helmet restricted)
rElec    .         Reflect  +   (no cloak)
rCorr    .         Harm     .   (no gloves)
MR       .....                  (no boots)
Stlth    +.........             w - +4 amulet of reflection
Regen    0.3/turn               (no ring)
MPRegen  0.2/turn               (no ring)

@: mighty, brilliant, berserk cooldown, slowed, very slow
A: retaliatory headbutt, horns 2
a: no special abilities


You were on level 9 of the Dungeon.
You were not hungry.

You visited 1 branch of the dungeon, and saw 9 of its levels.
You also visited: Ossuary.

You collected 423 gold pieces.

Inventory:

Hand Weapons
 a - a +2 shortbow
 b - a +1 short sword (weapon)
Missiles
 d - 159 arrows
 k - 6 tomahawks (quivered)
Armour
 c - a +2 leather armour (worn)
 z - a +0 pair of gloves
Jewellery
 l - the amulet of Vitality {Regen+ HP+15}
   (You found it on level 9 of the Dungeon)

   [amulet of regeneration]

   It affects your health (+15).
   It increases your rate of regeneration.
 p - an uncursed ring of flight
 w - a +4 amulet of reflection (around neck)
Wands
 i - a wand of lightning (13/15)
 y - a wand of flame (22/48)
 A - a wand of disintegration (16/24)
 B - a wand of paralysis (16/24)
Scrolls
 g - 2 scrolls of identify
 h - a scroll of fear
 o - 5 scrolls of remove curse
 t - 2 scrolls of fog
 D - a scroll of enchant armour
Potions
 e - 2 potions of haste
 j - a potion of might
 n - a potion of brilliance
 s - 2 potions of agility
 v - 4 potions of lignification {unknown}
 x - a potion of berserk rage
 G - a potion of flight {unknown}
Comestibles
 f - 6 bread rations
 m - a fruit
 r - 7 meat rations
 C - a royal jelly


   Skills:
 + Level 8.3 Fighting
 + Level 2.9 Short Blades
 + Level 12.0 Bows
 + Level 1.1 Throwing
 + Level 4.4 Armour
 + Level 4.6 Dodging
 + Level 1.5 Stealth
 + Level 0.5 Evocations


You had 8 spell levels left.
You didn't know any spells.

Dungeon Overview and Level Annotations

Branches:
Dungeon (9/15)             Temple (0/1) D:7
   Lair: D:8-11         Orc: D:9-12

Altars:
Ashenzari
Dithmenos
Elyvilon
Makhleb
Nemelex Xobeh
Ru
Trog
Vehumet
Xom
Yredelemnul
Zin
The Shining One

Annotations:
D:3 Alfie's ghost, amateur MiHu


Innate Abilities, Weirdness & Mutations

You reflexively headbutt those who attack you in melee.
You have a pair of horns on your head.


Message History

The hippogriff barely misses you.
The hippogriff bites you but does no damage.
The hippogriff closely misses you. The hippogriff claws you.
* * * LOW HITPOINT WARNING * * *
Unknown command.
You barely miss the hippogriff. Your headbutt misses the hippogriff.
The hippogriff is severely wounded.
The hippogriff bites you.
* * * LOW HITPOINT WARNING * * *
The hippogriff pecks you!
* * * LOW HITPOINT WARNING * * *
The hippogriff completely misses you.
You hit the hippogriff.
The hippogriff is severely wounded.
The hippogriff bites you.
* * * LOW HITPOINT WARNING * * *
The hippogriff closely misses you. The hippogriff claws you.
* * * LOW HITPOINT WARNING * * *
The hippogriff bites you.
You die...

#......# ### #.
####.### # #. #.####
# #. #.†..## # #.
#..#..# #. #.###.##
. #. #..#..[#
....##.######...#.##
......H@...........+
..###########...#.##
#.....# #.###.# #.#
... #.. ..## ### ..
.#


You could see a hippogriff.

Vanquished Creatures
  Grinder (D:5)
  Prince Ribbit (D:5)
  Sigmund (D:2)
  Menkaure (D:6)
  Duvessa (D:7)
  A sky beast (D:7)
  An orc warrior (D:8)
  3 ogres
  2 centaurs
  2 phantoms (D:7)
  2 elf zombies (Ossuary)
  5 bullfrogs
  Dowan (D:7)
  A scorpion (D:9)
  3 water moccasin skeletons
  5 killer bees (D:8)
  2 howler monkeys
  3 crimson imps
  2 human zombies (Ossuary)
  A centaur zombie (D:5)
  2 jellies
  5 hounds
  2 orc priests
  2 bullfrog skeletons
  2 orc wizards (D:5)
  3 iguanas
  A worker ant (D:4)
  A hound zombie (D:7)
  A hound skeleton (D:5)
  4 mummies (Ossuary)
  A worker ant zombie (D:8)
  10 gnolls
  A howler monkey skeleton (D:5)
  7 adders
  A shadow imp (D:5)
  2 oozes
  4 adder zombies
  2 worms
  An adder skeleton (D:6)
  2 dart slugs
  4 leopard geckos
  6 orcs
  4 ball pythons
  16 bats
  5 giant cockroaches
  A gnoll zombie (Ossuary)
  11 goblins
  6 hobgoblins
  8 jackals
  9 kobolds
  A quokka (D:3)
  A ball python zombie (D:5)
  2 frilled lizards
  A jackal zombie (Ossuary)
  2 kobold zombies (Ossuary)
  2 leopard gecko skeletons
  An orc zombie (Ossuary)
  3 rats
  A rat zombie (Ossuary)
177 creatures vanquished.

Notes
Turn   | Place    | Note
-------+----------+-------------------------------------------
     0 | D:1      | Alfie the Minotaur Hunter began the quest for the Orb.
     0 | D:1      | Reached XP level 1. HP: 18/18 MP: 0/0
   305 | D:1      | Reached XP level 2. HP: 25/25 MP: 1/1
   352 | D:1      | Reached skill level 5 in Bows
   886 | D:2      | Noticed Sigmund
   908 | D:2      | Killed Sigmund
   908 | D:2      | Reached skill level 6 in Bows
   908 | D:2      | Reached XP level 3. HP: 11/31 MP: 2/2
   908 | D:2      | Reached XP level 4. HP: 13/38 MP: 3/3
   908 | D:2      | Reached XP level 5. HP: 16/45 MP: 4/4
  1213 | D:2      | Reached skill level 1 in Short Blades
  1767 | D:3      | Reached skill level 1 in Throwing
  1999 | D:3      | Reached XP level 6. HP: 48/51 MP: 5/5
  2226 | D:3      | Found a shadowy altar of Dithmenos.
  2345 | D:3      | Noticed Alfie's ghost (amateur MiHu)
  2574 | D:4      | Found a glowing golden altar of the Shining One.
  2905 | D:4      | Found a burning altar of Makhleb.
  2996 | D:5      | Entered Level 5 of the Dungeon
  3032 | D:5      | Found a bloodstained altar of Trog.
  3096 | D:5      | Reached skill level 7 in Bows
  3114 | D:5      | Reached XP level 7. HP: 59/59 MP: 6/6
  3198 | D:5      | Found a shimmering altar of Xom.
  3329 | D:5      | Noticed Grinder
  3343 | D:5      | Killed Grinder
  3343 | D:5      | Reached skill level 5 in Fighting
  3343 | D:5      | Reached skill level 8 in Bows
  3501 | D:5      | Found a sparkling altar of Nemelex Xobeh.
  3638 | D:5      | Noticed Prince Ribbit
  3650 | D:5      | Killed Prince Ribbit
  3650 | D:5      | Reached XP level 8. HP: 21/69 MP: 7/7
  3661 | D:5      | Reached skill level 9 in Bows
  3855 | D:5      | Reached skill level 1 in Stealth
  4084 | D:6      | Found a shattered altar of Ashenzari.
  4108 | D:6      | Found a shimmering altar of Xom.
  4108 | D:6      | Found a sacrificial altar of Ru.
  4135 | D:6      | Noticed Menkaure
  4144 | D:6      | Killed Menkaure
  4271 | D:6      | Found a radiant altar of Vehumet.
  4348 | D:6      | Found a basalt altar of Yredelemnul.
  4802 | D:7      | Reached skill level 10 in Bows
  4816 | D:7      | Found a glowing silver altar of Zin.
  4928 | D:7      | Noticed Duvessa
  4932 | D:7      | Killed Duvessa
  4933 | D:7      | Noticed Dowan
  4938 | D:7      | Killed Dowan
  4938 | D:7      | Reached XP level 9. HP: 75/79 MP: 8/8
  5264 | D:7      | Found a sand-covered staircase.
  5269 | Ossuary  | Entered an ossuary
  5311 | Ossuary  | Reached skill level 11 in Bows
  5616 | D:7      | Found a staircase to the Ecumenical Temple.
  5984 | D:8      | Found a white marble altar of Elyvilon.
  6034 | D:8      | Noticed a two-headed ogre
  6045 | D:8      | Noticed a two-headed ogre
  6477 | D:8      | Found a basalt altar of Yredelemnul.
  6538 | D:9      | Reached skill level 12 in Bows
  6664 | D:9      | HP: 3/82 [hippogriff (4)]
  6664 | D:9      | Slain by a hippogriff

Skill      XL: |  1  2  3  4  5  6  7  8  9 |
---------------+----------------------------+-----
Bows           | 6 7 8 10 12 | 12.0
Fighting       | 3 4 5 7 8 |  8.3
Armour         | 2 3 4 |  4.4
Short Blades   | 1 2 |  2.9
Throwing       | 1 |  1.1
Dodging        | 3 4 |  4.6
Stealth        | 1 |  1.5
Evocations     | |  0.5

Action                   |  1- 3 |  4- 6 |  7- 9 || total
-------------------------+-------+-------+-------++-------
Melee: Short sword       |    13 |    87 |    39 ||   139
       Headbutt          |     3 |    12 |     7 ||    22
 Fire: Shortbow          |    19 |   106 |   409 ||   534
Throw: Tomahawk          |     8 |     9 |       ||    17
Evoke: Wand              |       |       |     1 ||     1
  Use: Scroll            |     2 |     7 |    15 ||    24
       Potion            |       |     2 |     9 ||    11
 Stab: Sleeping          |     1 |       |       ||     1
  Eat: Bread ration      |       |     1 |     2 ||     3
       Chunk             |       |     2 |       ||     2
       Fruit             |       |       |     3 ||     3
Armor: Leather armour    |     6 |    33 |    35 ||    74
Dodge: Dodged            |    14 |    87 |   138 ||   239
Block: Other             |       |       |    25 ||    25
       Reflection        |       |       |     1 ||     1
